 Dungeon Crawl Stone Soup version 0.26-a0-540-g8a0c9464d7 (webtiles) character file.

Game seed: 9585292088236625308

10 vurker the Sneak (level 2, -3/24 HPs)
             Began as a Formicid Delver on Aug 24, 2020.
             Slain by a centaur (5 damage)
             ... on level 5 of the Dungeon.
             The game lasted 00:00:35 (72 turns).

vurker the Sneak (Formicid Delver)                    Turns: 72, Time: 00:00:36

Health: -3/24      AC:  3    Str: 16    XL:     2   Next: 30%
Magic:  2/2        EV: 12    Int:  9    God:
Gold:   12         SH:  0    Dex: 12    Spells: 1/1 levels left

rFire    . . .     SeeInvis +   a - +0 hand axe
rCold    . . .     Faith    .   (no shield)
rNeg     . . .     Spirit   .   b - +0 leather armour
rPois    .         Reflect  .   (helmet unavailable)
rElec    .         Harm     .   (no cloak)
rCorr    .                      (no gloves)
MR       .....                  (no boots)
Stlth    +++.......             (no amulet)
HPRegen  0.08/turn              (no ring)
MPRegen  0.08/turn              (no ring)

@: no status effects
A: permanent stasis, dig shafts and tunnels, four strong arms, antennae 3
a: Dig, Shaft Self


You were on level 5 of the Dungeon.
You visited 1 branch of the dungeon, and saw 2 of its levels.

You collected 12 gold pieces.

Inventory:

Hand Weapons
 a - a +0 hand axe (weapon)
Armour
 b - a +0 leather armour (worn)
Wands
 v - a wand of digging (3)
Scrolls
 c - a scroll of fog
 d - a scroll of magic mapping
 e - a scroll of fear


   Skills:
 + Level 3.5 Fighting
 * Level 2.5 Axes
 - Level 1.7 Dodging
 - Level 6.0 Stealth


You had one spell level left.
You didn't know any spells.
Your spell library was empty.

Dungeon Overview and Level Annotations

Branches:
Dungeon (5/15)
 Temple: D:4-7

Altars:

Annotations:
D:4 Grinder


Innate Abilities, Weirdness & Mutations

You cannot be hasted, slowed, berserked, paralysed or teleported.
You can dig through walls and to a lower floor.
Your four strong arms can wield two-handed weapons with a shield.
You have a pair of large antennae on your head. (SInv)


Message History

Found 2 scrolls labeled OMAOBL BOMIWNOUPT, a broad axe and 26 stones.
You extend your mandibles.
You dig through the rock wall.
The gnoll shouts!
You retract your mandibles.
You extend your mandibles.
You dig through the rock wall.
You dig through the rock wall.
You dig through the rock wall.
You retract your mandibles.
You hit the gnoll.
The gnoll hits you with a cursed -3 club.
You hit the gnoll.
The gnoll hits you with a cursed -3 club.
You barely miss the gnoll.
The gnoll hits you with a cursed -3 club.
The gnoll barely misses you.
You hit the gnoll but do no damage.
The gnoll hits you with a cursed -3 club.
* * * LOW HITPOINT WARNING * * *
You barely miss the gnoll. The gnoll closely misses you.
You hit the gnoll. The gnoll barely misses you.
You closely miss the gnoll. The gnoll closely misses you.
You closely miss the gnoll. The gnoll hits you but does no damage.
You closely miss the gnoll.
The gnoll hits you with a cursed -3 club.
* * * LOW HITPOINT WARNING * * *
You barely miss the gnoll.
The gnoll hits you with a cursed -3 club.
* * * LOW HITPOINT WARNING * * *
You closely miss the gnoll.
The gnoll hits you with a cursed -3 club.
* * * LOW HITPOINT WARNING * * *
You hit the gnoll.
You kill the gnoll!
You have reached level 2!
Are you sure you want to shaft yourself?
The gnoll misses you.
You begin to dig a shaft.
You continue digging a shaft.
The gnoll misses you. A shaft appears beneath you!
You fall into a shaft and drop 1 floor!
The shaft crumbles and collapses.
You hear the hiss of flowing sand.
There is an entrance to an ossuary on this level.
Hurry and find it before the portal is buried!
You hear the slow hiss of a distant avalanche of sand.
A centaur comes into view.
Found 13 gold pieces.
The helpless centaur fails to defend itself.
You hit the centaur. The centaur barely misses you. The centaur hits you.
You die...

..# ... #.#
#.#
##.####...
#.........{
#.<# #..#
#.#######.#
#..#
#.$.c@....#
###..#####
#.#########
.>.......#
{
.....###.#
###.## #.#
#.# #.# #..


You could see a centaur.

Vanquished Creatures
  A gnoll (D:4)
  A frilled lizard (D:4)
2 creatures vanquished.

Notes
Turn   | Place    | Note
-------+----------+-------------------------------------------
     0 | D:5      | vurker the Formicid Delver began the quest for the Orb.
     0 | D:5      | Reached XP level 1. HP: 18/18 MP: 1/1
    30 | D:4      | Noticed Grinder
    68 | D:4      | Reached XP level 2. HP: 1/24 MP: 2/2
    71 | D:4      | You fall into a shaft and drop 1 floor!
    71 | D:5      | Noticed a centaur
    72 | D:5      | Slain by a centaur

Illustrated notes

Levels and vault maps discovered:
D:4:      layout_basic, lemuel_crystal_altar, uniq_grinder
D:5:      layout_loops_ring, old_standard_altar, enter_ossuary_3, uniq_edmund

Action                   || total
-------------------------++-------
Melee: Hand axe          ||    14
 Abil: Dig               ||     2
       Shaft Self        ||     1
 Stab: Sleeping          ||     2
Armor: Leather armour    ||     1
Dodge: Dodged            ||     7

Table legend: (Time is in decaauts)
 A = Elapsed time spent in this place.
 B = Non-inter-level travel time spent in this place.
 C = Inter-level travel time spent in this place.
 D = Time resting spent in this place.
 E = Time spent auto-exploring this place.
 F = Levels seen in this place.
 G = Mean time per level.
                   A        B        C        D        E       F      G
               +--------+--------+--------+--------+--------+-----+--------+
         Total |     75 |     67 |      8 |      0 |     12 |   2 |   37.5 |
       Dungeon |     75 |     67 |      8 |      0 |     12 |   2 |   37.5 |
               +--------+--------+--------+--------+--------+-----+--------+

Top non-repeatable levels by time:
     D:4: 59 daAuts
     D:5: 16 daAuts
